[Event "*** Titled Tuesday 3|2 Blitz"]
[Site "Chess.com"]
[Date "2017.06.06"]
[Round "2"]
[White "MITerryble"]
[Black "bugbug01052018"]
[Result "1-0"]
[WhiteElo "2660"]
[BlackElo "1939"]
[TimeControl "180+2"]
[EndTime "14:08:36 PDT"]
[Termination "MITerryble won by checkmate"]

1. d4 Nf6 2. Nf3 g6 3. Bg5 Bg7 4. Nbd2 d6 5. c3 O-O 6. e4 h6 7. Bh4 g5 8. Bg3 Bg4 9. Qb3 Nbd7 10. Bd3 c5 11. O-O a6 12. a4 Be6 13. d5 Bg4 14.
h3 Bh5 15. Rfe1 Rc8 16. a5 Bxf3 17. Nxf3 c4 18. Bxc4 Nc5 19. Qc2 Qc7 20. Bf1 b6 21. axb6 Qxb6 22. Nd2 Nh5 23. Nc4 Qb3 24. Qxb3 Nxb3 25.
Rxa6 Nxg3 26. fxg3 Nc5 27. Ra7 e6 28. Nxd6 Rb8 29.
Nc4 exd5 30. exd5 Rfe8 31. Rd1 Ne4 32. g4 Ng3 33. d6 Rbd8 34. d7 Re7 35. Bd3 Kf8 36. Kf2 Rexd7 37. Rxd7 Rxd7 38. Kxg3 Ke7 39. Re1+ Kf6 40. Bf5 Rb7 41. Nd6 Rxb2 42. Ne8# 1-0

[Event "*** Titled Tuesday 3|2 Blitz"]
[Site "Chess.com"]
[Date "2017.06.06"]
[Round "2"]
[White "djano"]
[Black "tigra"]
[Result "0-1"]
[WhiteElo "2360"]
[BlackElo "2603"]
[TimeControl "180+2"]
[EndTime "14:08:44 PDT"]
[Termination "tigra won by resignation"]

1. d4 Nf6 2. Bf4 d5 3. e3 c5 4. c3 Nc6 5. Nd2 Bf5 6. Qb3 Qc8 7. dxc5 e5 8. Bg5 Nd7 9. Qxd5 Nxc5 10. Bb5 f6 11.
Bh4 a6 12. Be2 Qc7 13. Qf3 Nd3+ 14. Kf1 Bg6 15. Bxd3 Bxd3+ 16. Ne2 Qb6 17. b3 Qa5 18. b4 Qa3 19. e4 Qxc3 20. Rd1 Nd4 21. Qh5+ g6 22.
Ke1 gxh5 0-1

[Event "*** Titled Tuesday 3|2 Blitz"]
[Site "Chess.com"]
[Date "2017.06.06"]
[Round "2"]
[White "Er_is_geen_hoop_meer"]
[Black "Colombiano07"]
[Result "0-1"]
[WhiteElo "2310"]
[BlackElo "2229"]
[TimeControl "180+2"]
[EndTime "14:08:52 PDT"]
[Termination "Colombiano07 won by checkmate"]

1. d4 Nf6 2. Bf4 e6 3. e3 b6 4. c3 Bb7 5. Nd2 g6 6. Ngf3 Bg7 7.
Bd3 d6 8. h4 Nbd7 9. Qc2 Qe7 10. Bh2 e5 11. Ne4 Nxe4 12. Bxe4 d5 13. Bd3 e4 14.
Bxc7 exd3 15. Qxd3 O-O 16. O-O-O Nc5 17. dxc5 Qxc7 18. cxb6 axb6 19. a3 Ba6 20. Qxd5 Bxc3 21. bxc3 Qxc3+ 22. Kb1 Bc4 23. Qd2 Qxa3 24. Qd4 Ba2+ 25. Kc2 Bb3+ 26. Kd2 Rfd8 27. Ke2 Bxd1+ 28. Ke1 Rxd4 29. Nd2 Qd3 30. Rf1 Qe2# 0-1

[Event "*** Titled Tuesday 3|2 Blitz"]
[Site "Chess.com"]
[Date "2017.06.06"]
[Round "2"]
[White "Schemato"]
[Black "danyuffa"]
[Result "0-1"]
[WhiteElo "2297"]
[BlackElo "2509"]
[TimeControl "180+2"]
[EndTime "14:09:10 PDT"]
[Termination "danyuffa won by resignation"]

1. c4 g6 2. Nc3 Bg7 3. g3 Nf6 4. Bg2 O-O 5. e4 d6 6. Nge2 c5 7. O-O Nc6 8. d3 Bg4 9. h3 Bxe2 10.
Nxe2 Ne8 11. Rb1 Rb8 12. Be3 b5 13. b3 Nc7 14. Qd2 a5 15. Nc3 Nd4 16. a4 bxc4 17. bxc4 Rb4 18. Rxb4 axb4 19. Nb5 Nce6 20. f4 Nb3 21.
Qd1 Ned4 22. Kh2 Qa5 23. f5 Qxa4 24. f6 Bxf6 25. Nxd6 Qa2 26. Nb7 Be5 27. Rf2 Qa7 28.
Bxd4 Nxd4 0-1

[Event "*** Titled Tuesday 3|2 Blitz"]
[Site "Chess.com"]
[Date "2017.06.06"]
[Round "2"]
[White "Drags95"]
[Black "MFBerna"]
[Result "1-0"]
[WhiteElo "2511"]
[BlackElo "2267"]
[TimeControl "180+2"]
[EndTime "14:09:29 PDT"]
[Termination "Drags95 won by resignation"]

1. d4 d5 2. c4 c6 3. Nc3 Nf6 4.
cxd5 cxd5 5. Bf4 Nc6 6. e3 a6 7. Bd3 g6 8. Nf3 Bg4 9. h3 Bxf3 10. Qxf3 Bg7 11. O-O O-O 12. Rfc1 Rc8 13. a3 e6 14. b4 b5 15. Rc2 Nd7 16. Rac1 Ne7 17. Ne2 Qb6 18. Bc7 Qb7 19. Bd6 Bf6 20. Rc7 1-0

[Event "*** Titled Tuesday 3|2 Blitz"]
[Site "Chess.com"]
[Date "2017.06.06"]
[Round "2"]
[White "DiamondCrusher22"]
[Black "GGuseinov"]
[Result "0-1"]
[WhiteElo "2013"]
[BlackElo "2708"]
[TimeControl "180+2"]
[EndTime "14:09:41 PDT"]
[Termination "GGuseinov won by resignation"]

1. e4 c5 2. Nf3 Nc6 3. c3 Nf6 4.
e5 Nd5 5. d4 cxd4 6. cxd4 d6 7.
exd6 Qxd6 8. Nc3 g6 9. Bc4 Nb6 10. Bb3 Bg7 11. Be3 O-O 12. O-O Bg4 13. h3 Bxf3 14.
Qxf3 Bxd4 15. Nb5 Qe5 16. Nxd4 Nxd4 17. Bxd4 Qxd4 18. Qxb7 e6 19. Rab1 a5 20. Rfd1 Qb4 21. Qf3 a4 22. Bc2 Rac8 23. Be4 Nc4 24. Qc3 Qxc3 25.
bxc3 a3 26. Rb3 Rfd8 27. Ra1 Rd2 28. Bb7 Rcd8 29. Ba6 Nb2 30. Rxa3 Nd1 31. f3 Ne3 32. Bf1 Rd1 33. Kf2 Rxa1 34. Kxe3 Rxf1 35. Rb3 Ra1 0-1

[Event "*** Titled Tuesday 3|2 Blitz"]
[Site "Chess.com"]
[Date "2017.06.06"]
[Round "2"]
[White "Jahonas"]
[Black "Rating-Schmating"]
[Result "1-0"]
[WhiteElo "2220"]
[BlackElo "2336"]
[TimeControl "180+2"]
[EndTime "14:09:44 PDT"]
[Termination "Jahonas won by checkmate"]

1. d4 Nf6 2. c4 e6 3. Nf3 Bb4+ 4. Bd2 Qe7 5. Nc3 b6 6. g3 Bb7 7. Bg2 Bxc3 8. Bxc3 Ne4 9. Qc1 Nxc3 10. Qxc3 d6 11. O-O Nd7 12. Rfe1 f5 13. b3 O-O 14. Rad1 Nf6 15.
Nd2 Bxg2 16. Kxg2 Rad8 17. e4 fxe4 18. Nxe4 Qf7 19. Ng5 Qg6 20. Nxe6 Ne4 21. Nxf8 Rxf8 22. Qe3 Nxf2 23. Rd2 Ng4 24. Qe6+ Qxe6 25. Rxe6 Nh6 26.
Re7 Nf5 27. Re4 c6 28. Rf2 g6 29. g4 Nh4+ 30. Kg3 Rxf2 31. Kxf2 g5 32. Re7 a5 33. Rb7 b5 34. cxb5 cxb5 35. Rxb5 Ng6 36. Rxg5 Kf7 37. Rxg6 hxg6 38. Kf3 Ke6 39. Ke4 g5 40. d5+ Kf6 41. a3 Ke7 42. Kd4 Kd7 43. Ke4 Kc7 44. Kf5 Kb6 45. Ke6 Kc5 46. b4+ axb4 47. axb4+ Kxb4 48. Kxd6 Kc4 49. Ke5 Kd3 50. d6 Ke3 51. d7 Kf3 52.
Kf5 Kg2 53. Kxg5 Kxh2 54. Kf4 Kh3 55. d8=Q Kg2 56. Qd2+ Kh1 57. Kg3 Kg1 58. Qg2# 1-0

[Event "*** Titled Tuesday 3|2 Blitz"]
[Site "Chess.com"]
[Date "2017.06.06"]
[Round "2"]
[White "LonesomeGeorge1"]
[Black "DryCounty"]
[Result "0-1"]
[WhiteElo "2254"]
[BlackElo "2465"]
[TimeControl "180+2"]
[EndTime "14:09:45 PDT"]
[Termination "DryCounty won by resignation"]

1. d4 Nf6 2. Bf4 Nh5 3. Bg5 h6 4. Bh4 g6 5. e4 Bg7 6. c3 d6 7. Bd3 Nf4 8. Bf1 O-O 9. Nd2 c5 10. d5 g5 11. Bg3 Ng6 12. f3 e6 13. Ne2 exd5 14. exd5 Nd7 15. Nc1 Nde5 16. Be2 Bd7 17. O-O b5 18. Nd3 c4 19. Nxe5 Nxe5 20. Bf2 f5 21. Bd4 Qe7 22. f4 gxf4 23. Rxf4 Ng6 24. Rf1 Bxd4+ 25. cxd4 Qe3+ 26. Kh1 Qxd4 27. Bf3 Rae8 28.
Qc2 Re3 29. Rad1 Qe5 30. Nb1 Nf4 31. Nc3 Nd3 32. Ne2 Re8 33. Nc1 Qxb2 34. Qxb2 Nxb2 35.
Rd2 c3 36. Rdf2 b4 37. Kg1 Bb5 38. Ne2 Bxe2 39. Bxe2 Rxe2 40. Rxf5 Re1 41. Rf6 Rxf1+ 42. Kxf1 c2 0-1

[Event "*** Titled Tuesday 3|2 Blitz"]
[Site "Chess.com"]
[Date "2017.06.06"]
[Round "2"]
[White "yosephtaher"]
[Black "Abrito99"]
[Result "0-1"]
[WhiteElo "2552"]
[BlackElo "2313"]
[TimeControl "180+2"]
[EndTime "14:09:46 PDT"]
[Termination "Abrito99 won by resignation"]

1. e4 e6 2. d4 d5 3. Nc3 Bb4 4.
e5 c5 5. Bd2 Ne7 6. dxc5 O-O 7.
Nf3 Nd7 8. a3 Bxc5 9. Bd3 Ng6 10.
Qe2 a6 11. O-O Qc7 12. Rae1 Ba7 13. h4 Bb8 14. Bxg6 fxg6 15. Qd3 Rf5 16. g4 Rf8 17.
Kg2 b5 18. h5 d4 19. Nxd4 Bb7+ 20. Kg1 Nxe5 21. Qg3 Qc5 22. Nxe6 Qc6 23. f3 Nxf3+ 24. Rxf3 Rxf3 25. Qh2 Bxh2+ 0-1

[Event "*** Titled Tuesday 3|2 Blitz"]
[Site "Chess.com"]
[Date "2017.06.06"]
[Round "2"]
[White "ArnaudovP"]
[Black "Frolik67"]
[Result "0-1"]
[WhiteElo "2404"]
[BlackElo "2311"]
[TimeControl "180+2"]
[EndTime "14:09:48 PDT"]
[Termination "Frolik67 won by checkmate"]

1. Nf3 d5 2. c4 e6 3. g3 c6 4. Bg2 Bd6 5. O-O Nf6 6. d3 O-O 7. b3 b6 8. Bb2 Bb7 9. Nbd2 Nbd7 10.
Qc2 c5 11. a3 Qc7 12. Rfe1 e5 13. cxd5 Nxd5 14. Rac1 a5 15. Nc4 f6 16. e3 Rad8 17. Nxd6 Qxd6 18. d4 exd4 19. exd4 Rfe8 20. dxc5 Nxc5 21. Nd4 Kh8 22. Qf5 Ne7 23. Qh5 Bxg2 24. Kxg2 Nd3 25. Re6 Qd7 26. Rc2 Nxb2 27. Rxb2 Qxd4 28.
Rbe2 Qd7 29. Qf7 Qd5+ 30. f3 Qxb3 31. R2e3 Qa2+ 32. Kh3 Ng8 33. Qxe8 Rxe8 34. Rxe8 h6 35. f4 f5 36. Rb8 Kh7 37. Rxb6 Nf6 38. Re7 Ng4 39.
Rbb7 Qxh2# 0-1

[Event "*** Titled Tuesday 3|2 Blitz"]
[Site "Chess.com"]
[Date "2017.06.06"]
[Round "2"]
[White "LaStreetCmaMaison"]
[Black "Journey_to_GrandMaster_YT"]
[Result "0-1"]
[WhiteElo "2476"]
[BlackElo "2321"]
[TimeControl "180+2"]
[EndTime "14:09:50 PDT"]
[Termination "Journey_to_GrandMaster_YT won by resignation"]

1. b3 d6 2. Bb2 e5 3. e3 Nd7 4. Nf3 Ngf6 5. c4 c6 6. Qc2 Be7 7. d4 e4 8. Nfd2 d5 9. Nc3 O-O 10. f3 exf3 11. Nxf3 Ng4 12. Qd3 dxc4 13. bxc4 Bh4+ 14. g3 Bg5 15. Ne4 Bxe3 16. h3 f5 17. hxg4 fxe4 18. Qxe4 Bh6 19. Bd3 Nf6 20. Qe2 Qa5+ 21.
Kd1 Bxg4 22. Rf1 Rae8 23. Qc2 Bxf3+ 0-1

[Event "*** Titled Tuesday 3|2 Blitz"]
[Site "Chess.com"]
[Date "2017.06.06"]
[Round "2"]
[White "Hamisandwich"]
[Black "Alexander_Moskalenko"]
[Result "0-1"]
[WhiteElo "2446"]
[BlackElo "2684"]
[TimeControl "180+2"]
[EndTime "14:09:54 PDT"]
[Termination "Alexander_Moskalenko won by resignation"]

1. a3 g6 2. e4 Bg7 3. Bc4 c5 4.
h4 h6 5. h5 g5 6. f4 e6 7. f5 exf5 8. d3 Nf6 9. Nc3 O-O 10.
Nge2 f4 11. b4 d6 12. bxc5 dxc5 13. Rb1 Nc6 14. Nd5 Nxd5 15. Bxd5 Bg4 16. Bxc6 bxc6 17.
Qd2 c4 18. Rb4 cxd3 19. cxd3 f5 20. e5 Bxe5 21. Bb2 Bxb2 22. Rxb2 Re8 23. Qc3 Qe7 24. O-O Bxe2 25. Re1 f3 26. gxf3 Qe3+ 0-1

[Event "*** Titled Tuesday 3|2 Blitz"]
[Site "Chess.com"]
[Date "2017.06.06"]
[Round "2"]
[White "jncool68"]
[Black "olgerts_indricans"]
[Result "0-1"]
[WhiteElo "2494"]
[BlackElo "2317"]
[TimeControl "180+2"]
[EndTime "14:10:02 PDT"]
[Termination "olgerts_indricans won on time"]

1. e4 c5 2. Nf3 e6 3. d4 cxd4 4.
Nxd4 Nc6 5. Nc3 Qc7 6. Be3 a6 7. a3 Nf6 8. f4 d6 9. Qf3 Bd7 10. O-O-O Rc8 11. Be2 b5 12. g4 Nxd4 13. Bxd4 e5 14.
fxe5 dxe5 15. Be3 Bxa3 16. Bg5 Bxg4 17. Qe3 Bxe2 18. Bxf6 Bxd1 19. Bxg7 Rg8 20. Rg1 Qxc3 21. Qxc3 Rxc3 22. bxa3 Bxc2 23. Kb2 Rc4 0-1

[Event "*** Titled Tuesday 3|2 Blitz"]
[Site "Chess.com"]
[Date "2017.06.06"]
[Round "2"]
[White "axvesik"]
[Black "GMNeiksans"]
[Result "0-1"]
[WhiteElo "2451"]
[BlackElo "2685"]
[TimeControl "180+2"]
[EndTime "14:10:10 PDT"]
[Termination "GMNeiksans won by resignation"]

1. e4 c5 2. Nf3 e6 3. d4 cxd4 4.
Nxd4 Nc6 5. Nc3 Qc7 6. f4 a6 7. Nxc6 Qxc6 8. Bd3 b5 9. Qe2 Nf6 10.
e5 b4 11. exf6 bxc3 12. Be4 d5 13. Bf3 gxf6 14. b3 Bc5 15. Be3 Qb6 16. Bxc5 Qxc5 17.
Rd1 Bb7 18. Bh5 Ke7 19. Rf1 a5 20. a4 Ba6 21. Rd3 Bxd3 22. Qxd3 Qb4 23. Kd1 Rac8 24. Bf3 Qxf4 25. Bxd5 Qxh2 26. Qf3 Qe5 27. Be4 Rhd8+ 28.
Bd3 Rxd3+ 29. cxd3 c2+ 0-1

[Event "*** Titled Tuesday 3|2 Blitz"]
[Site "Chess.com"]
[Date "2017.06.06"]
[Round "2"]
[White "kleinebeer98"]
[Black "DanielNaroditsky"]
[Result "0-1"]
[WhiteElo "2465"]
[BlackElo "2755"]
[TimeControl "180+2"]
[EndTime "14:10:12 PDT"]
[Termination "DanielNaroditsky won by resignation"]

1. e4 e5 2. Qh5 Nc6 3. Bc4 g6 4.
Qf3 Nf6 5. Ne2 Bg7 6. Nbc3 O-O 7. d3 Nd4 8. Nxd4 exd4 9. Ne2 d5 10. Bxd5 Bg4 11. Qg3 Bxe2 12. Kxe2 Nxd5 13. exd5 Qxd5 14. Bf4 Rfe8+ 15. Kf1 Re6 16. h4 Rae8 17. h5 Qxa2 18.
Rd1 Qxb2 19. hxg6 hxg6 20. Kg1 Qxc2 21. Kh2 Qc5 22. Bxc7 Re2 23. Bf4 Qh5+ 24. Qh3 Qxh3+ 25. Kxh3 Rxf2 26. Ra1 Rxf4 0-1

[Event "*** Titled Tuesday 3|2 Blitz"]
[Site "Chess.com"]
[Date "2017.06.06"]
[Round "2"]
[White "gmcorrales"]
[Black "TheLancer"]
[Result "1-0"]
[WhiteElo "2549"]
[BlackElo "2415"]
[TimeControl "180+2"]
[EndTime "14:10:12 PDT"]
[Termination "gmcorrales won by resignation"]

1. e4 c5 2. Nf3 g6 3. d4 cxd4 4. Qxd4 Nf6 5. Nc3 Nc6 6. Qa4 d6 7. e5 dxe5 8. Nxe5 Bg7 9. Bb5 O-O 10. Nxc6 bxc6 11. Bxc6 Rb8 12. Qxa7 Bf5 13. O-O Bxc2 14. a4 Ng4 15. Bf3 Ne5 16. Be2 Nc6 17. Qe3 Nd4 18. a5 Nxe2+ 19. Nxe2 Ra8 20. a6 Qd3 21. a7 Rfc8 22.
Qxe7 Re8 23. Qxe8+ 1-0

[Event "*** Titled Tuesday 3|2 Blitz"]
[Site "Chess.com"]
[Date "2017.06.06"]
[Round "2"]
[White "robbykevlishvili"]
[Black "ProfCalculus"]
[Result "1-0"]
[WhiteElo "2092"]
[BlackElo "2166"]
[TimeControl "180+2"]
[EndTime "14:10:12 PDT"]
[Termination "robbykevlishvili won by checkmate"]

1. e4 c5 2. Nf3 g6 3. d4 cxd4 4.
Qxd4 Nf6 5. e5 Nc6 6. Qa4 Nd5 7.
Qb3 Nb6 8. Bf4 Bg7 9. Nc3 d5 10. exd6 Be6 11. Qa3 O-O 12. O-O-O exd6 13. Bxd6 Re8 14.
Bb5 Qc8 15. Rhe1 Nc4 16. Bxc4 Bxc4 17. Ne4 Qg4 18. Ng3 Nd4 19. Nxd4 Bxd4 20. f3 Qg5+ 21. Kb1 Rxe1 22. Rxe1 Qd2 23. Qb4 Qxb4 24. Bxb4 Be6 25. Ne4 Rc8 26. Bc3 Bxc3 27. Nxc3 Kg7 28. Kc1 Rc5 29. Re3 h5 30. b3 h4 31. h3 Rg5 32.
Re2 Bf5 33. Kd2 Be6 34. Ne4 Ra5 35. a4 b6 36. c4 Re5 37. Nc3 Rxe2+ 38. Nxe2 Kf6 39.
Ke3 a5 40. Nc3 Ke5 41. Ne4 f5 42. f4# 1-0

[Event "*** Titled Tuesday 3|2 Blitz"]
[Site "Chess.com"]
[Date "2017.06.06"]
[Round "2"]
[White "adypady02"]
[Black "Oneofmyturns"]
[Result "0-1"]
[WhiteElo "2425"]
[BlackElo "2505"]
[TimeControl "180+2"]
[EndTime "14:10:14 PDT"]
[Termination "Oneofmyturns won by resignation"]

1. b3 e5 2. Bb2 Nc6 3. e3 Nf6 4. Bb5 Bd6 5. d3 a6 6. Bxc6 dxc6 7. e4 Qe7 8. Nd2 Bg4 9. Ne2 h5 10. h3 Be6 11. Nc4 Bxc4 12. bxc4 Bc5 13. Qd2 O-O-O 14. Ng3 g6 15. Qe2 h4 16. Nf1 Nh5 17. g3 hxg3 18. fxg3 Bb4+ 19. Kf2 Rde8 20. Ne3 Kb8 21. a3 Bc5 22. g4 Qh4+ 23. Kg1 Qg3+ 24. Kf1 Nf4 25.
Qf2 Qxe3 0-1

[Event "*** Titled Tuesday 3|2 Blitz"]
[Site "Chess.com"]
[Date "2017.06.06"]
[Round "2"]
[White "ehrenfeld"]
[Black "Patov"]
[Result "0-1"]
[WhiteElo "2403"]
[BlackElo "2325"]
[TimeControl "180+2"]
[EndTime "14:10:18 PDT"]
[Termination "Patov won by resignation"]

1. e4 c5 2. Nf3 Nc6 3. Bb5 e6 4. Bxc6 bxc6 5. d3 d5 6. O-O Ne7 7. Qe2 g6 8. e5 Nf5 9. Bg5 Be7 10. Bxe7 Qxe7 11. Nc3 O-O 12. Na4 a5 13. c4 Nd4 14.
Nxd4 cxd4 15. Rac1 Ba6 16. b3 f6 17. exf6 Rxf6 18.
Qe5 dxc4 19. dxc4 Rd8 20. Rcd1 Rf5 21. Qe4 c5 22. Rfe1 Re8 23. Nb2 Bb7 24. Qe2 Qg5 25. f4 Rxf4 26. Rd3 Re4 27. Qxe4 Bxe4 28. Rxe4 Qc1+ 29. Nd1 Qc2 30. Nf2 Rf8 31. Rf3 Qc1+ 0-1

[Event "*** Titled Tuesday 3|2 Blitz"]
[Site "Chess.com"]
[Date "2017.06.06"]
[Round "2"]
[White "PaulfromSPb"]
[Black "Blitzstream"]
[Result "1-0"]
[WhiteElo "2577"]
[BlackElo "2505"]
[TimeControl "180+2"]
[EndTime "14:10:19 PDT"]
[Termination "PaulfromSPb won by resignation"]

1. e4 b6 2. d4 Bb7 3. Nc3 e6 4. Bd3 g6 5. f4 Bg7 6. Nf3 Ne7 7. O-O d5 8. Be3 Nd7 9. Bf2 O-O 10. Qe2 c5 11.
dxc5 Nxc5 12. e5 Rc8 13. Nb5 Nxd3 14. cxd3 Ba6 15. Nd6 Rc6 16. Nd4 Rxd6 17. exd6 Qxd6 18. Be3 Nf5 19. Nxf5 gxf5 20. Qd2 d4 21. Bf2 Qd5 22. Bh4 Bb7 23. Rf3 Kh8 24. Rg3 Rg8 25. h3 e5 26. fxe5 Bxe5 27. Rxg8+ Kxg8 28. Re1 Bf4 29. Bf6 h6 30. Re8+ Kh7 31. Rh8+ Kg6 32. Rg8+ Kxf6 33.
Qxf4 Qe5 34. Qxh6+ Ke7 35. Qf8+ Kd7 36. Qxf7+ Kc6 1-0

[Event "*** Titled Tuesday 3|2 Blitz"]
[Site "Chess.com"]
[Date "2017.06.06"]
[Round "2"]
[White "fpawn"]
[Black "Ginger_GM"]
[Result "0-1"]
[WhiteElo "2307"]
[BlackElo "2425"]
[TimeControl "180+2"]
[EndTime "14:10:27 PDT"]
[Termination "Ginger_GM won by resignation"]

1. e4 c5 2. Nc3 Nc6 3. g3 h5 4. h3 g6 5. Bg2 Bg7 6. d3 d6 7. Be3 e5 8. Qd2 Nge7 9. Nge2 Nd4 10.
Nd1 f5 11. c3 Ne6 12. f4 h4 13. g4 g5 14. exf5 Nxf4 15. O-O Bd7 16. Nxf4 gxf4 17. Bf2 Bf6 18. c4 Rg8 19. Kh1 Nxf5 20. gxf5 Bxf5 21. Bg1 Qd7 22. Nf2 O-O-O 23. Ne4 Be7 24. Rf3 Rg3 25. Nxg3 hxg3 26. Be3 Bxh3 27. Bxf4 exf4 28. Qxf4 Rh8 29. Kg1 Bxg2 30. Rxg3 Bc6 31. Rf1 Qe6 32. Qe3 Rh1+ 33. Kf2 Qf6+ 0-1

[Event "*** Titled Tuesday 3|2 Blitz"]
[Site "Chess.com"]
[Date "2017.06.06"]
[Round "2"]
[White "yian123"]
[Black "AllStarShark"]
[Result "1-0"]
[WhiteElo "2397"]
[BlackElo "2308"]
[TimeControl "180+2"]
[EndTime "14:10:40 PDT"]
[Termination "yian123 won by resignation"]

1. e4 c5 2. Nf3 g6 3. d4 cxd4 4.
Qxd4 Nf6 5. Nc3 Nc6 6. Qa4 d6 7. e5 dxe5 8. Nxe5 Bd7 9. Nxd7 Qxd7 10. Be3 Bg7 11. Rd1 Qc8 12. Be2 O-O 13. O-O a6 14. Qh4 Ne5 15. Bd4 Nc6 16. Bb6 Ne5 17. Rfe1 Ned7 18. Bd4 Nc5 19. Bf3 Ne6 20. Be5 Ra7 21. a4 b6 22. Qb4 Qc5 23. Qxc5 bxc5 24. b3 Rd8 25. a5 Rxd1 26. Rxd1 Ne4 27. Bxg7 Nxc3 28. Bxc3 1-0

[Event "*** Titled Tuesday 3|2 Blitz"]
[Site "Chess.com"]
[Date "2017.06.06"]
[Round "2"]
[White "WinnieTPooh"]
[Black "Blitzking4444"]
[Result "1-0"]
[WhiteElo "1944"]
[BlackElo "2009"]
[TimeControl "180+2"]
[EndTime "14:10:40 PDT"]
[Termination "WinnieTPooh won by checkmate"]

1. d4 Nf6 2. c4 e6 3. g3 d5 4. Bg2 Bb4+ 5. Nd2 O-O 6. Nf3 dxc4 7.
Qc2 Nc6 8. Qxc4 Qd5 9. Qd3 e5 10. dxe5 Qxd3 11. exd3 Ng4 12. d4 Rd8 13. h3 Nh6 14. a3 Ba5 15. b4 Bb6 16. Nb3 Nf5 17.
Bb2 Nfxd4 18. Nfxd4 Nxd4 19. Nxd4 Rxd4 20. Bxd4 Bxd4 21.
O-O-O c5 22. bxc5 Bxc5 23. Rd8+ Bf8 24. Rhd1 g6 25. f4 Kg7 26. Kb2 Bc5 27. Rc1 Bb6 28. Rdxc8 Bd4+ 29. Kb3 Rxc8 30. Rxc8 b6 31. Rc7 a5 32.
Bd5 Kh6 33. Rxf7 g5 34. e6 gxf4 35. e7 a4+ 36. Kc2 b5 37. e8=Q b4 38. Qf8+ Bg7 39.
Qxg7+ Kh5 40. Rf5# 1-0

[Event "*** Titled Tuesday 3|2 Blitz"]
[Site "Chess.com"]
[Date "2017.06.06"]
[Round "2"]
[White "Caminator2000"]
[Black "PelinGorki"]
[Result "0-1"]
[WhiteElo "2234"]
[BlackElo "2359"]
[TimeControl "180+2"]
[EndTime "14:10:47 PDT"]
[Termination "PelinGorki won by resignation"]

1. d4 Nf6 2. c4 e5 3. dxe5 Ng4 4.
Nf3 Bc5 5. e3 Nc6 6. a3 a5 7. Be2 O-O 8. O-O Re8 9. Nc3 Ncxe5 10. b3 Ra6 11. Ne4 Ba7 12. Nxe5 Nxe5 13. Bb2 Rh6 14. h3 d6 15. c5 Qh4 16. f4 Nc6 17.
Bf3 Bxh3 18. gxh3 Rg6+ 19. Ng5 h6 20. Qe1 Qxe1 21. Raxe1 hxg5 22. Bh5 Rge6 23. fxg5 g6 24. Bf3 Rxe3 25. Rxe3 Rxe3 26. Bd5 Nd8 27. Rf4 Bxc5 28. Kf1 Rxh3 29. Re4 Kf8 30. Bf6 Ne6 31. b4 axb4 32. axb4 Bb6 33. Bxe6 fxe6 34. Rxe6 Re3 35.
Rxe3 Bxe3 36. Ke2 Bb6 37. Kd3 Kf7 38. Ke4 Ke6 0-1

[Event "*** Titled Tuesday 3|2 Blitz"]
[Site "Chess.com"]
[Date "2017.06.06"]
[Round "2"]
[White "metalbattler"]
[Black "Quiet_Desperation"]
[Result "0-1"]
[WhiteElo "2027"]
[BlackElo "1951"]
[TimeControl "180+2"]
[EndTime "14:11:20 PDT"]
[Termination "Quiet_Desperation won by resignation"]

1. e4 Nc6 2. Nf3 d6 3. h3 Nf6 4. Nc3 e5 5. d4 exd4 6. Nxd4 Bd7 7. Bc4 Be7 8. O-O O-O 9. f4 a6 10. a4 Re8 11. Be3 Bf8 12. Qf3 Na5 13. Ba2 c5 14. Nf5 Bc6 15. Qg3 g6 16. Rad1 Nxe4 17. Nxe4 Bxe4 18.
Nxd6 Bxd6 19. Bxc5 Bxc5+ 20. Kh1 Qf6 21. c3 Nc6 22. f5 Bxf5 23. Rd7 Re7 24. Rxe7 Nxe7 25. Qc7 Qd6 26. Qxb7 Ra7 27. Qf3 a5 28. g4 Be6 29. Rd1 Qe5 30. Rd8+ Kg7 31. Bb1 Bd5 0-1

[Event "*** Titled Tuesday 3|2 Blitz"]
[Site "Chess.com"]
[Date "2017.06.06"]
[Round "2"]
[White "Saitama_Hero"]
[Black "Fy_Rakotomaharo"]
[Result "0-1"]
[WhiteElo "2219"]
[BlackElo "2420"]
[TimeControl "180+2"]
[EndTime "14:11:21 PDT"]
[Termination "Fy_Rakotomaharo won by resignation"]

1. d4 Nf6 2. c4 g6 3. Nc3 d5 4. cxd5 Nxd5 5. Bd2 Nb6 6. Bg5 Bg7 7. Nf3 O-O 8. e3 c5 9. dxc5 N6d7 10. Nd5 Nc6 11.
Qd2 h6 12. Bh4 g5 13. Bg3 Nxc5 14. Bc4 Ne4 15. Qc2 Qa5+ 16. Kf1 Bf5 17. Bc7 Qc5 18. Qe2 b5 19. Bb3 Rac8 20. Qd1 Bxb2 21. Rb1 Nc3 22. Nxc3 Qxc3 23. Bg3 Bd3+ 24. Kg1 Bxb1 25.
Qxb1 Na5 26. Qg6+ Qg7 27. Qxg7+ Kxg7 28. h4 Rc1+ 29. Kh2 Rxh1+ 30. Kxh1 Nxb3 31. axb3 g4 32. Nd2 Rc8 33. Ne4 a5 34. h5 a4 35. bxa4 bxa4 0-1

[Event "*** Titled Tuesday 3|2 Blitz"]
[Site "Chess.com"]
[Date "2017.06.06"]
[Round "2"]
[White "viggi38"]
[Black "Rogue_King"]
[Result "1-0"]
[WhiteElo "2149"]
[BlackElo "2123"]
[TimeControl "180+2"]
[EndTime "14:11:25 PDT"]
[Termination "viggi38 won on time"]

1. d4 Nf6 2. c4 g6 3. Nc3 Bg7 4.
e4 O-O 5. Be2 d6 6. Be3 e5 7. d5 a5 8. g4 Na6 9. g5 Nd7 10. h4 f5 11. gxf6 Nxf6 12. h5 Nc5 13. hxg6 Ncxe4 14. gxh7+ Kh8 15. Nxe4 Nxe4 16. Nf3 Bg4 17. Nh4 Qf6 18. Bxg4 Nxf2 19. Qc2 Nxh1 20. Ng6+ Kxh7 21. Nxf8+ Kg8 22. Ng6 Kf7 23. Be6+ Ke8 24.
O-O-O Ng3 25. Rg1 Qf3 26. Re1 e4 27. Qf2 Qxf2 28. Bxf2 Nh5 29. Rxe4 Nf6 30. Re2 a4 31. Bd4 Bh6+ 32. Kc2 Nd7 33. Rh2 1-0

[Event "*** Titled Tuesday 3|2 Blitz"]
[Site "Chess.com"]
[Date "2017.06.06"]
[Round "2"]
[White "Elshan1985"]
[Black "maciek_92"]
[Result "0-1"]
[WhiteElo "2546"]
[BlackElo "2528"]
[TimeControl "180+2"]
[EndTime "14:11:33 PDT"]
[Termination "maciek_92 won by resignation"]

1. d4 Nf6 2. Nf3 e6 3. e3 b6 4.
Bd3 Bb7 5. O-O d5 6. c4 Bd6 7.
Nc3 c6 8. b3 Nbd7 9. Bb2 O-O 10.
e4 dxc4 11. Bxc4 e5 12. Re1 Qc7 13. d5 Rad8 14. Rc1 Qb8 15. dxc6 Bxc6 16. Nd5 Bb7 17. Re2 b5 18. Bxb5 Bxd5 19. Bxd7 Bxe4 20. Bh3 Ba3 21. Qe1 Bxb2 22. Rxb2 Bxf3 23. gxf3 Rfe8 24. Rd2 Nd5 25.
Rcd1 Nf4 26. Bf1 Rxd2 27. Qxd2 h6 28. Qd7 Rf8 29. Qd6 Qb7 30. Qxe5 Qxf3 31. Re1 Ng6 32. Qe3 Qg4+ 33. Qg3 Qb4 34. Rc1 Rd8 35. Bc4 Qb6 36.
Re1 Qf6 37. Re4 Rd1+ 38. Kg2 Kh7 39. Qf3 Rg1+ 40. Kxg1 Qxf3 41. Re3 Qd1+ 42. Kg2 Nh4+ 43. Kh3 g5 44. Bd3+ f5 45. Re7+ Kg6 46. Re6+ Kh5 47. Be2+ g4+ 48. Kg3 Qg1+ 49. Kf4 Qxf2+ 0-1

[Event "*** Titled Tuesday 3|2 Blitz"]
[Site "Chess.com"]
[Date "2017.06.06"]
[Round "2"]
[White "LazarusIcarus"]
[Black "SmarterChess"]
[Result "0-1"]
[WhiteElo "2148"]
[BlackElo "2145"]
[TimeControl "180+2"]
[EndTime "14:11:42 PDT"]
[Termination "SmarterChess won by resignation"]

1. e4 c6 2. d4 d5 3. Nd2 dxe4 4. Nxe4 Nf6 5. Nxf6+ exf6 6. Nf3 Bd6 7. Be2 Be6 8. Be3 Nd7 9. Qd2 Qc7 10. c4 Nf8 11. O-O Ng6 12. Rfe1 O-O-O 13. d5 Bg4 14. Qd4 Bxf3 15.
Bxf3 c5 16. Qc3 Bxh2+ 17. Kh1 Nh4 18. Bg4+ f5 19. Bh3 Bd6 20. Bg5 Ng6 21. Bxd8 Rxd8 22. Qxg7 Kb8 23. Qf6 f4 24. Re4 Be5 25. Qxf4 Bxf4 26.
Rae1 Bd6 27. Re8 Ne7 28. Rxd8+ Qxd8 29. g3 b6 30. Kg2 Kc7 31. f4 f5 32. Kf3 Qh8 33.
Re6 Qxb2 34. Rh6 Qc3+ 35. Kg2 Qg7 36. Rh4 Ng6 37. Rh5 Nxf4+ 0-1